nht, chaotic female elven Wizard h G G ... .%.G. -@... |..... --.... ...<- ...| nht the Conjurer Experience level: 5 Strength: 9 Dexterity: 10 Constitution: 12 Intelligence: 20 Wisdom: 11 Charisma: 13 Health: 0(37) Energy: 28(47) Def: 1 Gold: 169 Moves: 555 Dungeon seed: q-MrNoYDlT19MFk0 Game ID: nht_1433396160 Your Inventory: Coins $ - 169 gold pieces Weapons a - a blessed +1 quarterstaff (weapon in hands) J - 11 blessed +0 crossbow bolts M - 5 +0 arrows N - 5 +0 crossbow bolts Armor e - an uncursed +0 cloak of magic resistance (being worn) r - an uncursed +0 cloak of protection Comestibles K - an uncursed food ration Scrolls h - an uncursed scroll of light i - an uncursed scroll of taming j - 2 uncursed scrolls of remove curse y - an uncursed scroll of gold detection E - an uncursed scroll of amnesia G - an uncursed scroll of identify Spellbooks k - a blessed spellbook of force bolt q - an uncursed spellbook of cone of cold Potions f - an uncursed potion of speed g - 3 uncursed potions of healing w - an uncursed potion of water named u H - an uncursed potion of object detection Rings c - an uncursed ring of regeneration d - an uncursed ring of invisibility I - an uncursed ring of shock resistance Wands b - a wand of fire (0:5) C - a wand of nothing (0:5) F - a wand of speed monster (0:2) Tools n - a magic marker (0:70) o - an uncursed tooled horn v - an uncursed lock pick D - a can of grease (0:25) L - an uncursed partly used tallow candle (lit) (0:191) O - an uncursed wax candle (0:400) Gems z - an uncursed worthless piece of white glass Spells known in the end: Name Level Category Fail Memory a - force bolt 1 attack 0% 98% b - magic missile 2 attack 0% 98% c - sleep 1 enchantment 0% 98% Your skills at the end: Fighting Skills Weapon Skills quarterstaff [Basic] Spellcasting Skills attack spells [Basic] enchantment spells [Basic] Final Attributes: You were piously aligned. You were sleep resistant. You were magic-protected. You had infravision. You were fast. You are dead. Vanquished creatures: a gnome king a fog cloud a shrieker a gnome lord 3 dwarves a yellow mold 7 gnomes a gecko 3 jackals a fox 4 sewer rats 4 newts 28 creatures vanquished. Voluntary challenges: You went without food. You were an atheist. You used a wielded weapon 44 times, starting on turn 41. You read items or engraved 5 times, starting on turn 282. You never genocided any monsters. You never polymorphed an object. You never changed form. You used no wishes. You never split a pudding. You wrote Elbereth's name 1 time, starting on turn 550. You never violated your personal moral code. You disabled loading bones files. Dungeon overview: The Dungeons of Doom: levels 1 to 4 Level 1 a long staircase Level 2 a general store Level 3 a sink Level 4 stairs to The Gnomish Mines The Gnomish Mines: levels 5 to 6 Level 5 stairs to The Dungeons of Doom Level 6 <- You were here History has recorded: On T:1 you entered the Dungeons of Doom to retrieve the Amulet of Yendor! On T:20 you reached level 2 of The Dungeons of Doom. On T:62 you reached level 3 of The Dungeons of Doom. On T:273 you reached level 4 of The Dungeons of Doom. On T:383 you advanced to experience level 2. On T:478 you reached level 1 of The Gnomish Mines. On T:485 you advanced to experience level 3. On T:485 you advanced to experience level 4. On T:544 you reached level 2 of The Gnomish Mines. On T:548 you advanced to experience level 5. Score breakdown: Gold: 169 ( 7587 points) Experience: 5 levels (11141 points) Exploration: 6 levels ( 12.50%) ( 9784 points) Discoveries: 1 item ( 0.36%) ( 1802 points) Valuables value: (no points given unless you survive) Artifact value: 0 ( 0 points) Variety of kills: 12 monsters ( 3.17%) ( 5338 points) Time penalty: 555 turns ( 0 points) Survival: died (score multiplied by 80%) Total score: 28521 Latest messages: You feel awake! You drop an uncursed spellbook of sleep. You sold an uncursed spellbook of sleep for 50 gold pieces. You drop a spellbook called wh7 (unpaid, 700 zorkmids). You drop a white potion. You sold a white potion for 100 gold pieces. You drop a potion called murk15 (unpaid, 150 zorkmids). You drop a potion of healing (unpaid, 100 zorkmids). You drop a potion called cy5 (unpaid, 50 zorkmids). You drop a potion called em1 (unpaid, 100 zorkmids). You drop a green gem (unpaid, 300 zorkmids). You hit the gnome lord! The gnome lord swings his thonged club. The gnome lord hits! You die... Final status: Goodbye nht the Wizard, killed by a gnome lord... You died in The Gnomish Mines on dungeon level 6 with 28521 points, and 169 pieces of gold, after 555 moves. You were level 5 with a maximum of 37 hit points when you died.